 Dungeon Crawl Stone Soup version 0.18-a0-884-gb6cfd45 (webtiles) character file.

45 Jmtri7 the Skirmisher (level 3, 0/37 HPs)
             Began as an Ogre Skald on Dec 23, 2015.
             Was an Initiate of Okawaru.
             Slain by an adder (3 damage)
             ... on level 2 of the Dungeon.
             The game lasted 00:03:52 (638 turns).

Jmtri7 the Skirmisher (Ogre Skald)                   Turns: 638, Time: 00:03:52

Health: 0/37       AC:  3    Str: 18    XL:     3   Next: 64%
Magic:  1/7        EV: 10    Int: 11    God:    Okawaru [......]
Gold:   17         SH:  0    Dex:  9    Spells: 2 memorised, 4 levels left

rFire  . . .     SeeInvis .     a - +0 mace
rCold  . . .     Gourm    .     h - +0 robe
rNeg   . . .     Faith    .     (no shield)
rPois  .         Spirit   .     (helmet restricted)
rElec  .         Dismiss  .     (no cloak)
rCorr  .         Reflect  .     (gloves unavailable)
SustAt .         Harm     .     (boots unavailable)
MR     .....                    (no amulet)
Stlth  +.........               (no ring)
                                (no ring)

@: very slightly contaminated, not resistant to hostile enchantments, very
unstealthy
A: unfitting armour, tough skin 1
a: Renounce Religion


You were on level 2 of the Dungeon.
You worshipped Okawaru.
Okawaru was noncommittal.
You were not hungry.

You visited 1 branch of the dungeon, and saw 2 of its levels.

You collected 17 gold pieces.

Inventory:

Hand Weapons
 a - a +0 mace (weapon)
Armour
 h - a +0 robe (worn)
Potions
 e - a potion of curing {unknown}
 f - a potion of resistance {unknown}
 g - 2 potions of haste {unknown}
Books
 b - a book of Frost

   Spells                             Type                      Level
   a - Freeze                         Ice                          1
   b - Throw Frost                    Conjuration/Ice              2
   c - Ozocubu's Armour               Charms/Ice                   3
   d - Throw Icicle                   Conjuration/Ice              4
   e - Summon Ice Beast               Ice/Summoning                4
   f - Condensation Shield            Ice                          4
 c - a book of Battle

   Spells                             Type                      Level
   a - Infusion                       Charms                       1
   b - Shroud of Golubria             Charms/Translocation         2
   c - Song of Slaying                Charms                       2
   d - Spectral Weapon                Hexes/Charms                 3
   e - Regeneration                   Charms/Necromancy            3
Comestibles
 d - a bread ration
 i - 3 fruits


   Skills:
 * Level 3.4 Fighting
 * Level 3.3 Maces & Flails
 + Level 1.9 Dodging
 + Level 2.7 Spellcasting
 + Level 2.4 Charms


You had 4 spell levels left.
You knew the following spells:

 Your Spells              Type           Power        Failure   Level  Hunger
a - Infusion              Chrm           #.....       12%         1    #......
b - Song of Slaying       Chrm           #.......     17%         2    ###....


Dungeon Overview and Level Annotations

Branches:
Dungeon (2/15)

Altars:
Okawaru


Innate Abilities, Weirdness & Mutations

You are too large for most types of armour.
You have tough skin (AC +1).


Message History

You completely miss the giant newt. The bat closely misses you.
The jackal completely misses you. The jackal barely misses you.
The giant newt bites you. The adder bites you.
* * * LOW HITPOINT WARNING * * *
The jackal bites you.
* * * LOW HITPOINT WARNING * * *
The giant newt bites you.
* * * LOW HITPOINT WARNING * * *
The jackal misses you.
You sock the jackal!
You kill the jackal!
Okawaru accepts your kill.
You feel sick.
You are no longer poisoned.
The bat hits you but does no damage. The adder bites you but does no damage.
The jackal barely misses you.
The giant newt bites you but does no damage.
You closely miss the giant newt. The bat misses you.
The jackal closely misses you. The bat closely misses you. The adder bites you.
You die...

#..[<########
.#.###.......####.#
>...............#.#
.#(##.#...♣...#.#.#
#.##....♣(♣....#.#
#......♣.♣.♣...#.#
#.#...♣.♣.♣.♣..#.#
. ##.♣.♣._.♣)♣.l.#
#..♣.♣.♣.♣.b@.#
#...♣.♣.♣..S#h##
#....♣.♣.......#
#.#...♣..(#....#
#..............#
#######..#..#†.#
##...#<..#
%...###..# .....
...$


You could see an adder, a jackal, a bat and a giant newt.

Vanquished Creatures
  Jessica (D:2)
  A worm (D:2)
  A giant cockroach (D:1)
  2 hobgoblins
  5 jackals
  A ball python (D:1)
  2 goblins (D:1)
  A kobold (D:1)
  3 rats
17 creatures vanquished.

Notes
Turn   | Place    | Note
--------------------------------------------------------------
     0 | D:1      | Jmtri7 the Ogre Skald began the quest for the Orb.
     0 | D:1      | Reached XP level 1. HP: 22/22 MP: 3/3
   105 | D:1      | Reached skill level 3 in Fighting
   113 | D:1      | Reached XP level 2. HP: 16/31 MP: 5/5
   402 | D:1      | Learned a level 2 spell: Song of Slaying
   570 | D:2      | Found an iron altar of Okawaru.
   570 | D:2      | Noticed Jessica
   573 | D:2      | Killed Jessica
   573 | D:2      | Reached XP level 3. HP: 31/37 MP: 2/7
   598 | D:2      | Became a worshipper of Warmaster Okawaru
   638 | D:2      | Slain by an adder

Vault maps used:
D:1:      minmay_arrival_doors, minmay_misc_feat_more_columns
D:2:      first_bread, okawaru_trees_2, uniq_jessica

Action                   || total
-------------------------++-------
Melee: Mace              ||    50
 Cast: Infusion          ||     3
       Song of Slaying   ||     1
